 Dungeon Crawl Stone Soup version 0.30-a0-304-gdc4b735fe1 (webtiles) character file.

Game seed: 2407179407963636836

107 ryw the Trooper (level 4, -1/39 HPs)
             Began as a Demonspawn Monk on Oct 21, 2022.
             Slain by a gnoll
             ... wielding a +0 spear
              (8 damage)
             ... on level 1 of the Dungeon.
             The game lasted 00:04:47 (2406 turns).

ryw the Trooper (Demonspawn Monk)                   Turns: 2406, Time: 00:04:47

Health: -1/39      AC:  2    Str: 12    XL:     4   Next: 57%
Magic:  4/4        EV: 12    Int: 13    God:
Gold:   54         SH:  0    Dex: 15    Spells: 3/3 levels left

rFire   . . .      SeeInvis .      - Unarmed
rCold   . . .      Faith    .    (no shield)
rNeg    . . .      Spirit   .    a - +0 robe
rPois   .          Reflect  .    (helmet restricted)
rElec   .          Harm     .    (no cloak)
rCorr   .          Rampage  .    (no gloves)
Will    .....                    (no boots)
Stlth   ++........               (no amulet)
HPRegen 0.26/turn                (no ring)
MPRegen 0.09/turn                (no ring)

@: no status effects
A: antennae 1, foul stench 1
a: no special abilities


You were on level 1 of the Dungeon.
You visited 1 branch of the dungeon, and saw 2 of its levels.

You collected 54 gold pieces.

Inventory:

Missiles
 c - 2 poisoned darts (quivered)
Armour
 a - a +0 robe (worn)
 k - a +0 robe
Wands
 j - a wand of polymorph (4)
Scrolls
 b - a scroll of amnesia {unknown}
 d - 3 scrolls of identify {unknown}
 g - a scroll of butterflies {unknown}
 h - a scroll of poison {unknown}
Potions
 e - a potion of flight {unknown}
 f - a potion of haste {unknown}
 i - a potion of curing {unknown}


   Skills:
 + Level 5.4 Fighting
 - Level 2.6 Dodging
 - Level 1.7 Stealth
 - Level 2.6 Unarmed Combat


You had 3 spell levels left.
You didn't know any spells.
Your spell library contained the following spells:

 Spells                   Type           Power      Damage    Failure   Level
 Airstrike                Air            0%         2d(0-16)  97%         4
 Summon Lightning Spire   Summ/Air       0%         N/A       97%         4
 Lightning Bolt           Conj/Air       0%         1d11      100%        5


Dungeon Overview and Level Annotations

Branches:
Dungeon (2/15)

Altars:

Annotations:
D:2 Robin


Innate Abilities, Weirdness & Mutations

You have a pair of small antennae on your head.
You may rarely emit foul miasma when damaged in melee.


Message History

The goblin is severely wounded.
The goblin closely misses you.
You hit the goblin.
You kill the goblin!
No target in view!
No target in view!
You start resting.
HP restored.
Found a bubbling brown potion.
You see here a poisoned dart.
c - 2 poisoned darts (gained 1)
The gnoll shouts!
You hear a shout!
There is a stone staircase leading up here.
The gnoll hits you from afar with a +0 spear!
The gnoll barely misses you.
Things that are here:
a +0 hand axe; a +0 leather armour
There is a stone staircase leading up, spattered with blood here.
You see here 8 stones.
The gnoll hits you with a +0 spear.
There is a stone staircase leading up, spattered with blood here.
The gnoll closely misses you. The gnoll hits you with a +0 spear!
You climb upwards.
There is a stone staircase leading down, spattered with blood here.
Unknown command.
You closely miss the gnoll. The gnoll barely misses you.
You hit the gnoll.
The gnoll is heavily wounded.
The gnoll barely misses you.
You barely miss the gnoll.
The gnoll is heavily wounded.
The gnoll hits you with a +0 spear.
You hit the gnoll.
The gnoll is severely wounded.
The gnoll hits you with a +0 spear.
* * * LOW HITPOINT WARNING * * *
You hit the gnoll but do no damage.
The gnoll is severely wounded.
The gnoll hits you with a +0 spear!
You die...

......#
#####.....#.#.#
#.....#
#............#
......#
#.....#.##.###
....###
#.......##.#
....#
#.......##.#
#####
######.....#
#........###
#.....g))#
#.....)@.#
#.....))##
#.......#
#.......#
#########


You could see a gnoll.

Vanquished Creatures
  An orc wizard (D:2)
  An adder (D:2)
  2 worms (D:2)
  3 orcs (D:2)
  6 ball pythons
  4 bats
  7 endoplasms
  A giant cockroach (D:1)
  13 goblins
  9 hobgoblins
  5 kobolds
  A quokka (D:1)
  7 frilled lizards
  2 rats
62 creatures vanquished.

Notes
Turn   | Place    | Note
-------+----------+-------------------------------------------
     0 | D:1      | ryw the Demonspawn Monk began the quest for the Orb.
     0 | D:1      | Reached XP level 1. HP: 18/18 MP: 1/1
   191 | D:1      | Gained mutation: You have a pair of small antennae on your
                  | head. [demonic ancestry]
   191 | D:1      | Reached XP level 2. HP: 23/24 MP: 2/2
   526 | D:1      | Reached skill level 4 in Fighting
   936 | D:2      | Noticed Robin
   999 | D:1      | Gained mutation: You may rarely emit foul miasma when
                  | damaged in melee. [demonic ancestry]
   999 | D:1      | Reached XP level 3. HP: 28/30 MP: 3/3
  1572 | D:2      | HP: 1/32 [worm (10)]
  1735 | D:2      | Reached XP level 4. HP: 35/38 MP: 4/4
  1793 | D:2      | Reached skill level 5 in Fighting
  2093 | D:2      | Found a faded altar of an unknown god.
  2406 | D:1      | Slain by a gnoll

Illustrated notes

Levels and vault maps discovered:
D:1:      heliophobic_arrival_battle_scene, layout_basic
D:2:      layout_loops_ring, hellmonk_ecumenical_altar_prayer_group, uniq_robin

Skill      XL: |  1  2  3  4 |
---------------+-------------+-----
Fighting       | 4 5 |  5.4
Dodging        | |  2.6
Stealth        | |  1.7
Unarmed Combat | |  2.6

Action                   |  1- 3 |  4- 6 || total
-------------------------+-------+-------++-------
Melee: Unarmed           |   225 |    58 ||   283
       Punch             |     5 |       ||     5
Throw: Dart              |       |     4 ||     4
  Use: Potion            |     1 |       ||     1
 Stab: Sleeping          |     3 |       ||     3
       Distracted        |     1 |       ||     1
Armor: Robe              |    40 |     9 ||    49
Dodge: Dodged            |   151 |    30 ||   181

Table legend: (Time is in decaauts)
 A = Elapsed time spent in this place.
 B = Non-inter-level travel time spent in this place.
 C = Inter-level travel time spent in this place.
 D = Time resting spent in this place.
 E = Time spent auto-exploring this place.
 F = Levels seen in this place.
 G = Mean time per level.
                   A        B        C        D        E       F      G
               +--------+--------+--------+--------+--------+-----+--------+
         Total |   2403 |   2192 |    211 |    464 |   1081 |   2 | 1201.5 |
       Dungeon |   2403 |   2192 |    211 |    464 |   1081 |   2 | 1201.5 |
               +--------+--------+--------+--------+--------+-----+--------+

Top non-repeatable levels by time:
     D:1: 1510 daAuts
     D:2: 892 daAuts
